Map: Zen LE

Players

Lantern

  • Race: Terran Terran
  • League: Silver
  • Spawn Location: 7:00

JohnnyV - Winner!

  • Race: Terran Terran
  • Spawn Location: 1:00

VOD

Have the link to the VOD?

Description

Time

  • Played on: April 27, 2020, 7:28 p.m.
  • Length: 36:13
Show
View Real Time Build Order
Export as new Build Order

Lantern Terran 

Build Orders:  

Get SALT Encoding   

  12  0:10  Supply Depot  
  12  0:13  SCV  
  13  0:29  SCV  
  13  0:34  Barracks  
  14  0:41  SCV  
  15  0:47  Refinery  
  15  0:54  SCV, Refinery  
  16  1:06  SCV  
  17  1:18  SCV  
  18  1:24  Barracks Tech Lab  
  18  1:31  Orbital Command  
  18  1:43  Factory  
  18  1:46  Marauder  
  20  1:58  SCV  
  21  2:10  SCV  
  22  2:23  SCV  
  22  2:28  Factory Tech Lab  
  22  2:29  Supply Depot  
  23  2:35  Starport  
  23  2:39  Engineering Bay  
  23  2:50  SCV  
  24  2:53  Starport  
  24  2:58  Siege Tank  
  27  3:02  SCV  
  28  3:13  Starport Tech Lab  
  28  3:14  SCV  
  29  3:24  Supply Depot  
  29  3:27  SCV  
  30  3:33  Starport Reactor  
  30  3:44  Command Center  
  30  3:52  Missile Turret  
  30  3:53  SCV  
  31  4:04  Fusion Core  
  31  4:05  SCV  
  32  4:10  Missile Turret  
  32  4:26  SCV  
  33  4:37  Missile Turret  
  33  4:38  SCV  
  33  4:45  Starport  
  34  4:50  SCV  
  35  4:58  Refinery  
  35  4:59  Missile Turret  
  35  5:02  SCV  
  35  5:03  Refinery, Orbital Command  
  36  5:11  Sensor Tower  
  36  5:15  SCV  
  37  5:22  Starport Reactor  
  37  5:27  SCV  
  37  5:39  SCV  
  38  5:45  Weapon Refit  
  38  5:48  Battlecruiser  
  44  5:52  SCV  
  45  6:04  SCV  
  46  6:05  Missile Turret  
  46  6:11  SCV  
  46  6:16  SCV  
  48  6:19  Corvid Reactor  
  48  6:23  SCV  
  49  6:28  SCV  
  50  6:35  SCV, Supply Depot  
  51  6:40  SCV  
  51  6:41  Command Center  
  52  6:48  SCV  
  53  6:58  Siege Tank  
  53  6:59  Supply Depot  
  53  7:00  SCV  
  57  7:12  SCV  
  58  7:24  SCV  
  59  7:31  Battlecruiser  
  65  7:38  Hyperflight Rotors  
  65  7:39  Supply Depot  
  65  7:44  Sensor Tower  
  65  7:46  Command Center  
  65  7:54  Missile Turret  
  65  7:57  SCV  
  66  8:04  Missile Turret  
  66  8:09  SCV  
  67  8:21  SCV  
  68  8:33  SCV  
  69  8:57  Missile Turret  
  69  9:00  Viking x2, Missile Turret  
  73  9:04  Viking x2  
  77  9:11  Missile Turret  
  77  9:18  Orbital Command  
  77  9:21  Missile Turret  
  77  9:23  Missile Turret  
  77  9:26  Planetary Fortress, Missile Turret  
  77  9:30  Viking x2  
  81  9:34  Viking x2  
  85  9:43  Missile Turret  
  85  9:46  SCV, Missile Turret  
  85  9:47  Missile Turret  
  86  9:58  SCV  
  87  10:00  Viking x2  
  87  10:04  Viking x2  
  95  10:10  SCV  
  95  10:13  Command Center  
  96  10:17  Refinery  
  96  10:22  SCV, Refinery  
  97  10:30  Viking x2  
  97  10:34  Viking x2, SCV  
  106  10:43  Command Center  
  106  10:46  SCV  
  107  10:52  Starport  
  107  10:57  Starport  
  107  10:58  SCV  
  108  11:07  Supply Depot  
  108  11:25  Viking x3, SCV, Battlecruiser  
  121  11:30  Bunker  
  121  11:37  SCV  
  122  11:49  SCV  
  122  11:53  Missile Turret  
  123  11:59  Sensor Tower  
  123  12:00  Orbital Command  
  123  12:01  SCV  
  124  12:13  SCV  
  124  12:15  Command Center  
  125  12:20  Missile Turret  
  106  12:29  Battlecruiser  
  99  12:48  Marauder  
  83  13:06  Missile Turret  
  83  13:09  Marauder  
  64  13:45  Planetary Fortress  
  64  13:46  Planetary Fortress  
  58  13:51  Refinery  
  58  13:53  Refinery  
  52  14:22  Bunker  
  52  14:26  Siege Tank  
  55  14:45  Command Center  
  55  14:58  Siege Tank  
  58  15:04  Battlecruiser  
  64  15:30  Siege Tank  
  67  15:59  Planetary Fortress  
  67  16:08  Battlecruiser  
  65  17:12  Battlecruiser  
  66  18:01  Command Center  
  66  18:10  Bunker  
  66  18:19  Siege Tank  
  69  18:26  Command Center  
  69  18:51  Siege Tank  
  72  19:17  Command Center  
  72  19:21  Planetary Fortress, Command Center  
  72  19:23  Siege Tank  
  75  19:48  Planetary Fortress  
  75  19:54  Factory  
  75  19:55  Siege Tank  
  78  20:01  Factory  
  78  20:28  Refinery  
  78  20:29  Refinery  
  78  20:34  Planetary Fortress  
  68  20:36  Planetary Fortress  
  68  20:49  Missile Turret, Factory Tech Lab  
  68  21:00  Battlecruiser, Factory Tech Lab  
  74  21:10  Siege Tank  
  77  21:12  Sensor Tower  
  77  21:21  Missile Turret  
  76  21:27  Missile Turret  
  76  21:42  Siege Tank  
  66  22:04  Battlecruiser  
  72  22:10  Missile Turret  
  69  22:49  Missile Turret  
  69  22:52  Missile Turret  
  69  23:08  Battlecruiser  
  63  23:54  SCV  
  64  23:59  SCV  
  65  24:06  SCV  
  66  24:11  SCV  
  67  24:18  SCV  
  67  24:19  Missile Turret  
  67  24:23  SCV  
  69  24:35  Missile Turret  
  68  24:56  Missile Turret  
  68  24:59  Siege Tank  
  71  25:15  Missile Turret  
  71  25:31  Siege Tank  
  74  25:37  Missile Turret  
  74  26:05  Missile Turret  
  74  26:13  Marauder  
  76  26:34  Marauder  
  78  26:43  Missile Turret  
  78  26:55  Marauder  
  80  27:04  Starport Tech Lab  
  80  27:07  Refinery  
  80  27:10  Refinery  
  80  27:25  Command Center  
  80  27:38  Command Center  
  80  28:47  Missile Turret  
  69  28:56  Missile Turret  
  46  29:18  Siege Tank  
  49  29:43  Battlecruiser  
  55  29:50  Siege Tank  
  43  30:45  SCV, Starport  
  43  30:47  Battlecruiser  
  50  30:57  SCV  
  51  31:10  SCV  
  52  31:22  SCV  
  53  31:34  SCV  
  54  31:51  Battlecruiser  
  54  32:57  Battlecruiser  
  60  33:04  Marauder  
  62  33:12  Command Center  
  62  33:25  Marauder  
  64  33:29  Starport Tech Lab  
  64  33:31  Missile Turret  
  64  33:47  Marauder  
  60  33:58  Orbital Command  
  60  34:01  Battlecruiser  
  66  34:08  Marauder  
  68  34:29  Marauder  
  70  34:35  Battlecruiser  
  70  34:59  Planetary Fortress  
  70  35:03  Command Center  
  70  35:06  Battlecruiser  
  76  35:34  Missile Turret  
Show
View Real Time Build Order
Export as new Build Order

JohnnyV Terran - Winner!

Build Orders: Liberator Opening 

Get SALT Encoding   

  12  0:02  SCV  
  13  0:23  SCV, Supply Depot  
  14  0:37  SCV  
  15  0:46  Barracks  
  15  0:49  SCV  
  16  0:53  Refinery  
  16  0:58  Refinery  
  16  1:01  SCV  
  17  1:14  SCV  
  18  1:26  SCV  
  19  1:35  Marine  
  19  1:38  SCV  
  21  1:44  Bunker  
  21  1:59  Factory  
  21  2:00  Orbital Command  
  21  2:02  Marine  
  21  2:27  Barracks Reactor  
  21  2:29  Supply Depot  
  21  2:43  Factory Tech Lab  
  21  2:49  Command Center  
  21  3:07  Siege Tank  
  21  3:09  Starport  
  24  3:22  SCV  
  24  3:25  Marine x2  
  27  3:35  SCV  
  28  3:41  Siege Tank  
  31  3:49  Refinery  
  31  4:01  SCV  
  32  4:03  Liberator  
  32  4:06  Supply Depot  
  35  4:17  Engineering Bay  
  35  4:25  Siege Tank  
  35  4:28  Marine x2  
  40  4:39  SCV  
  40  4:42  Orbital Command  
  41  5:00  Marine x2  
  43  5:12  SCV x2  
  45  5:26  Factory Tech Lab  
  45  5:27  Fusion Core  
  45  5:28  Terran Infantry Armor Level 1  
  42  5:42  Viking  
  42  5:48  Widow Mine  
  46  5:53  Missile Turret  
  46  5:57  Missile Turret  
  46  6:01  Missile Turret  
  46  6:08  Missile Turret  
  46  6:13  Missile Turret  
  46  6:14  Marine x2  
  50  6:21  Battlecruiser  
  54  6:29  Widow Mine  
  56  6:33  Supply Depot  
  56  6:37  Supply Depot  
  56  6:51  Widow Mine  
  58  6:56  Marine x2  
  60  7:01  SCV  
  60  7:03  SCV  
  62  7:09  Barracks  
  62  7:14  SCV  
  63  7:15  SCV  
  64  7:31  Missile Turret  
  64  7:38  Sensor Tower  
  64  7:39  Marine x2  
  66  7:57  Marine  
  67  8:09  Cyclone  
  70  8:24  Marine x2  
  70  8:25  Missile Turret  
  70  8:26  Barracks Tech Lab  
  69  8:41  Cyclone  
  69  8:43  Missile Turret  
  69  8:59  Starport Reactor, Combat Shield  
  69  9:00  Marine, Barracks  
  69  9:01  Marine  
  71  9:04  Marauder  
  73  9:18  Siege Tank  
  76  9:27  Marine  
  76  9:28  Marine  
  78  9:36  Supply Depot  
  78  9:38  Supply Depot  
  78  9:42  Missile Turret  
  78  9:55  Command Center  
  78  9:58  Marine x2  
  80  10:03  Refinery  
  80  10:05  Viking x2  
  84  10:08  Refinery  
  84  10:09  Marine x2  
  84  10:12  Terran Infantry Weapons Level 1  
  86  10:16  Marine  
  86  10:17  Engineering Bay  
  86  10:18  Armory  
  87  10:25  Marine  
  87  10:27  Marine  
  89  10:31  Marine  
  89  10:33  Marine  
  91  10:43  Viking, Marine  
  94  11:00  Supply Depot  
  94  11:02  Supply Depot, Hi-Sec Auto Tracking  
  94  11:06  Marine  
  95  11:12  Marine x3  
  98  11:24  Marine  
  99  11:30  Marine  
  100  11:35  Planetary Fortress  
  100  11:38  SCV x2  
  102  11:47  Refinery  
  102  11:48  Marine x4  
  102  11:50  SCV  
  107  12:01  Thor  
  113  12:03  Viking  
  113  12:06  Marine x2  
  101  12:24  Marine  
  101  12:25  Marine x3  
  97  12:46  Medivac x2  
  97  12:47  Marine x2  
  97  12:48  Marine x2  
  105  13:05  Marine  
  74  13:21  Marine x3  
  74  13:23  Marine  
  77  13:39  Marine x2  
  77  13:41  Marine x2  
  78  13:46  Starport  
  77  13:56  Marine  
  77  13:57  Marine  
  77  13:59  Marine  
  77  14:31  SCV  
  78  14:40  Starport Reactor  
  78  14:43  SCV  
  65  14:55  SCV  
  57  15:06  Marine x4  
  61  15:07  SCV  
  62  15:19  SCV  
  63  15:24  Marine x4  
  63  15:25  Viking, Missile Turret  
  63  15:27  Viking  
  71  15:42  Marine x2  
  73  15:47  Marine x2  
  71  15:58  Terran Infantry Armor Level 2  
  71  15:59  Marine x2  
  73  16:05  Marine x2  
  73  16:06  SCV x2  
  70  16:24  Marine x4  
  69  16:42  Marine x4  
  69  16:43  Medivac  
  55  17:00  Marine x4  
  56  17:17  Marine  
  56  17:18  Marine x3  
  60  17:25  Terran Infantry Weapons Level 2  
  52  17:35  Marine x2  
  52  17:36  Marine x2  
  44  17:53  Marine  
  45  18:00  Marine x2  
  45  18:01  Marine  
  48  18:08  Barracks  
  48  18:10  Barracks  
  48  18:11  Marine  
  49  18:18  Marine x3  
  52  18:27  Command Center  
  52  18:29  Marine  
  53  18:36  Marine x2  
  50  18:49  Marine x2  
  50  18:54  Marine x2  
  54  19:03  Marine x2  
  54  19:07  Marine x2  
  58  19:12  Marine x2  
  60  19:21  Marine  
  57  19:47  Marine  
  57  19:48  Marine x2  
  57  19:49  Marine  
  65  19:54  Liberator x2  
  65  19:58  Orbital Command  
  67  20:02  Marine x2  
  67  20:05  Marine  
  70  20:15  Marine x2  
  70  20:16  Marine  
  70  20:20  Marine x2  
  72  20:36  Marine x4, Liberator  
  72  20:37  Medivac, Marine  
  72  20:38  Marine  
  83  20:44  Siege Tank  
  86  20:54  Marine x2  
  88  21:00  Marine x4  
  92  21:07  Medivac  
  94  21:11  Marine  
  94  21:12  Marine  
  94  21:17  Marine  
  97  21:20  Marine x3  
  100  21:29  Marine x2  
  91  21:35  Marine  
  91  21:37  Marine  
  91  21:38  Marauder, Marine  
  78  21:47  Marine x2  
  78  21:53  Marine  
  72  22:04  Marine x3  
  72  22:05  Marine x2  
  72  22:07  Siege Tank  
  80  22:11  Marine  
  81  22:22  Marine x3  
  82  22:23  Marine x2  
  82  22:29  Marine  
  75  22:40  Marine x4  
  75  22:41  Marine  
  75  22:43  Siege Tank  
  83  22:47  Marine  
  84  22:57  Marine  
  84  22:58  Marine x2  
  87  23:02  Marine x2  
  87  23:04  Marine  
  83  23:15  Marine x2  
  72  23:25  Marine x4  
  72  23:33  Marine x2  
  68  23:42  Marine  
  68  23:45  Medivac x2  
  68  23:47  Marine  
  68  23:48  Marine x2  
  76  23:51  Marine x2  
  75  23:59  SCV x3  
  75  24:00  Marine  
  82  24:11  SCV x3  
  82  24:15  Thor  
  88  24:18  Medivac x2  
  88  24:20  Marauder x2  
  88  24:21  Marine  
  88  24:23  SCV x2  
  99  24:39  Marine x2  
  99  24:42  Marauder  
  100  24:46  Command Center  
  99  24:55  Terran Infantry Weapons Level 3  
  99  24:56  Terran Infantry Armor Level 3  
  99  24:59  SCV x2  
  101  25:03  Marine x3  
  101  25:04  Marine  
  105  25:28  Marine x6  
  111  25:46  Marine x6  
  117  25:51  Command Center  
  115  26:03  Marine  
  112  26:35  Ghost Academy  
  112  26:39  Ghost Academy  
  112  26:50  Marine x4  
  112  26:52  Thor  
  112  26:54  Viking x2  
  126  27:04  Orbital Command x2  
  126  27:24  Viking  
  126  27:29  Stimpack  
  128  27:31  Drilling Claws  
  128  27:35  Thor  
  134  27:44  Marine x3  
  134  27:45  Marine x3  
  134  27:46  Refinery  
  140  27:58  SCV  
  140  27:59  SCV  
  140  28:02  Marine x3  
  140  28:03  Marauder  
  140  28:05  Unknown  
  147  28:06  Refinery  
  82  29:06  Marine x4  
  82  29:07  Marine  
  83  29:18  Marine  
  84  29:24  Marine x5  
  89  29:36  Marine  
  90  29:42  Marine x3  
  66  30:16  Marine  
  63  30:22  Marine x4  
  63  30:23  Marine  
  68  30:34  Marine  
  69  30:40  Marine x5  
  74  30:45  Personal Cloaking  
  74  30:46  Nuke  
  74  30:50  Medivac x2  
  74  30:52  Marine  
  79  30:58  Marine x3  
  82  31:06  Barracks Reactor  
  82  31:09  Barracks Reactor  
  82  31:10  Marine  
  82  31:11  Concussive Shells  
  83  31:14  Terran Vehicle Weapons Level 1  
  83  31:15  Marine  
  83  31:16  Marine x2  
  86  31:27  Marine  
  83  31:33  Ghost x2, Marine  
  83  31:38  Missile Turret  
  86  31:40  Missile Turret  
  86  31:42  Missile Turret x2  
  86  31:43  Missile Turret  
  86  31:44  Missile Turret  
  86  31:45  Marine  
  85  31:48  Marine x2  
  85  31:49  Marine x2  
  85  31:51  Marine  
  89  31:56  Missile Turret  
  89  32:01  Viking x2  
  90  32:02  Ghost x2  
  90  32:03  Marine  
  90  32:06  Marine x3  
  100  32:09  Marine  
  100  32:11  Nuke  
  101  32:27  Weapon Refit  
  101  32:31  Marine x2  
  102  32:42  Enhanced Shockwaves  
  102  32:43  Missile Turret  
  100  32:48  Ghost x2, Missile Turret x2  
  100  32:50  Missile Turret  
  104  33:08  Terran Vehicle And Ship Armor Level 1  
  104  33:17  Ghost  
  106  34:01  Nuke  
  106  34:02  Marine x8  
  114  34:19  Marine x2  
  114  34:20  Orbital Command, Marine  
  116  34:43  Marine x5  
  116  34:44  Marine x2  
  118  35:00  Marauder  
  118  35:01  Marine x2  
  118  35:02  Marauder  
Tags
 
League
Silver
Matchup
TvT
Race
Terran
Spawn Locations
Cross Positions
Add a new tag
Caveats
  • Supply blocks, unpowered buildings, or Contaminate may cause inaccurate times.
  • Supply counts are checked every 10 seconds.